 Dungeon Crawl Stone Soup version 0.26-a0-800-g517d6fe721 (webtiles) character file.

Game seed: 8364768545609829223

604 lunkers the Digger (level 7, -10/41 HPs)
             Began as an Octopode Earth Elementalist on Nov 11, 2020.
             Mangled by Crazy Yiuf
             ... wielding a +4 quarterstaff of chaos
              (11 damage)
             ... while paralysed by Crazy Yiuf
             ... on level 3 of the Dungeon.
             The game lasted 00:09:22 (3935 turns).

lunkers the Digger (Octopode Earth Elementalist)    Turns: 3935, Time: 00:09:23

Health: -10/41     AC:  1    Str:  7    XL:     7   Next: 42%
Magic:  11/13      EV:  2    Int: 19    God:
Gold:   175        SH:  0    Dex: 13    Spells: 13/14 levels left

rFire    . . .     SeeInvis .   b - +2 mace (protect)
rCold    . . .     Faith    .   (no shield)
rNeg     . . .     Spirit   .   (helmet restricted)
rPois    .         Reflect  .   (no amulet)
rElec    .         Harm     .   (no ring)
rCorr    .         Rampage  .   (no ring)
MR       .....                  (no ring)
Stlth    +++.......             (no ring)
HPRegen  0.13/turn              (no ring)
MPRegen  0.13/turn              (no ring)
                                (no ring)
                                (no ring)

@: paralysed, lethally poisoned (-10 -> -32)
A: almost no armour, stealthy swim, amphibious, 8 rings, constrict 8, camouflage
1, gelatinous body 1
a: no special abilities


You were on level 3 of the Dungeon.
You visited 1 branch of the dungeon, and saw 3 of its levels.

You collected 175 gold pieces.

Inventory:

Hand Weapons
 b - a +2 mace of protection (weapon)
Missiles
 g - 48 stones (quivered)
Jewellery
 n - an uncursed amulet of guardian spirit
Wands
 p - a wand of polymorph (10)
Scrolls
 a - 6 scrolls of identify {unknown}
 f - 2 scrolls of immolation {unknown}
 h - a scroll of teleportation {unknown}
 j - 2 scrolls of enchant armour {unknown}
 k - a scroll of magic mapping {unknown}
 l - a scroll of amnesia {unknown}
Potions
 c - a potion of flight {unknown}
 d - 2 potions of heal wounds {unknown}
 e - a potion of curing {unknown}
 i - a potion of ambrosia {unknown}
 m - 2 potions of mutation {unknown}
 o - a potion of brilliance {unknown}


   Skills:
 - Level 2.0 Dodging
 - Level 2.6 Stealth
 + Level 4.4 Spellcasting
   Level 1.0 Transmutations
 * Level 7.0 Earth Magic


You had 13 spell levels left.
You knew the following spells:

 Your Spells              Type           Power        Failure   Level
a - Sandblast             Erth           ####..       1%          1

Your spell library contained the following spells:

 Spells                   Type           Power        Failure   Level
 Passwall                 Tmut/Erth      ###.....     3%          2
 Stone Arrow              Conj/Erth      ###...       10%         3
 Lee's Rapid Deconstruct  Erth           ####......   21%         5
 Petrify                  Tmut/Erth      ###.....     26%         4


Dungeon Overview and Level Annotations

Branches:
Dungeon (3/15)

Altars:
Hepliaklqana
Xom

Annotations:
D:3 Crazy Yiuf


Innate Abilities, Weirdness & Mutations

You cannot wear most types of armour.
You are very stealthy in the water. (Stealth+)
You are amphibious.
You can wear up to eight rings at the same time.
You can use your tentacles to constrict eight enemies at once.
Your skin changes colour to match your surroundings (Stealth+).
Your rubbery body absorbs attacks. (AC +1, EV +1)


Message History

Unknown command.
Casting: Sandblast (safe; 1% risk of failure)
Confirm with . or Enter, or press ? or * to list all spells.
The blast of sand hits Crazy Yiuf.
Crazy Yiuf is heavily wounded.
g - 48 stones Crazy Yiuf hits you with a +4 quarterstaff of chaos!
You suddenly lose the ability to move!
Crazy Yiuf screams, "Leather!"
Crazy Yiuf hits you with a +4 quarterstaff of chaos!
* * * LOW HITPOINT WARNING * * *
You are poisoned.
You feel sick.
Crazy Yiuf hits you with a +4 quarterstaff of chaos!
* * * LOW HITPOINT WARNING * * *
You are more poisoned.
* * * LOW HITPOINT WARNING * * *
You feel sick.
Crazy Yiuf hits you with a +4 quarterstaff of chaos!
You die...

#.# ##.# #.# #..## #.# #.#..
### #.#.# #.#.# ###♣♣♣♣♣
#.#.# ##....♣.♣♣♣ ### #.#.#
##......♣..♣#...# #.#.#
#......♣♣♣♣@g...# #.#.#
#.....♣♣ ♣♣#..)# #.#.#
#.###♣♣ ### ##.#.# #.#
#..... #.# #.#### #.# ###
##### ###...#
#.########.###..†####...#(#
#...........##........#...#
#########..<##...######.####


You could see Crazy Yiuf.

Vanquished Creatures
  Grinder (D:3)
  An ogre (D:3)
  A quasit (D:3)
  A jelly (D:3)
  An orc wizard (D:3)
  An orc priest (D:3)
  Robin (D:1)
  An adder (D:3)
  4 gnolls (D:3)
  An ooze (D:1)
  3 worms
  3 dart slugs
  3 leopard geckos
  6 orcs (D:3)
  11 bats
  11 giant cockroaches
  18 hobgoblins
  4 jackals
  3 quokkas
  A ball python (D:3)
  4 frilled lizards (D:3)
  9 goblins
  11 kobolds
  11 rats
111 creatures vanquished.

Notes
Turn   | Place    | Note
-------+----------+-------------------------------------------
     0 | D:1      | lunkers the Octopode Earth Elementalist began the quest for
                  | the Orb.
     0 | D:1      | Reached XP level 1. HP: 11/11 MP: 3/3
   102 | D:1      | Reached XP level 2. HP: 17/17 MP: 0/5
   494 | D:1      | Reached XP level 3. HP: 21/21 MP: 3/6
  1009 | D:2      | Noticed Robin
  1011 | D:2      | Reached skill level 4 in Earth Magic
  1150 | D:1      | Killed Robin
  1430 | D:2      | Reached XP level 4. HP: 27/27 MP: 8/8
  2258 | D:3      | Found a runed translucent door.
  2259 | D:3      | Noticed Crazy Yiuf
  2468 | D:3      | Reached XP level 5. HP: 30/31 MP: 9/9
  2511 | D:3      | Reached skill level 5 in Earth Magic
  2888 | D:3      | Noticed an ogre
  2894 | D:3      | Killed an ogre
  2894 | D:3      | Reached XP level 6. HP: 36/36 MP: 5/11
  3085 | D:3      | Noticed Grinder
  3091 | D:3      | Killed Grinder
  3091 | D:3      | Reached skill level 6 in Earth Magic
  3091 | D:3      | Reached XP level 7. HP: 27/41 MP: 6/13
  3265 | D:3      | Found a hazy altar of Hepliaklqana.
  3266 | D:3      | Found a shimmering altar of Xom.
  3267 | D:3      | Noticed a spectral ugly thing
  3555 | D:3      | Reached skill level 7 in Earth Magic
  3775 | D:3      | Found a shimmering altar of Xom.
  3932 | D:3      | Paralysed by Crazy Yiuf for 6 turns
  3935 | D:3      | HP: 1/41 [poisoned by Crazy Yiuf]
  3935 | D:3      | Mangled by Crazy Yiuf

Illustrated notes

Levels and vault maps discovered:
D:1:      evilmike_arrival_hilbert_curve, layout_basic, serial_glass,
          glass_columns_a, glass_columns_a, glass_columns_c, glass_columns_b,
          feat_on_display, minmay_strange_pillars, minmay_strange_pillars,
          minmay_strange_pillars
D:2:      layout_loops_corners, uniq_robin
D:3:      minmay_razor_zed, layout_loops_ring, regret_index_temple_of_mockery,
          kennysheep_flooded_box, nrook_loot_triangle, uniq_crazy_yiuf_cottage,
          uniq_grinder

Skill      XL: |  1  2  3  4  5  6  7 |
---------------+----------------------+-----
Earth Magic    | 4 5 6 7 |  7.0
Spellcasting   | 3 4 |  4.4
Dodging        | |  2.0
Stealth        | |  2.6
Transmutations | |  1.0

Action                   |  1- 3 |  4- 6 |  7- 9 || total
-------------------------+-------+-------+-------++-------
Melee: Constrict         |     7 |    23 |    11 ||    41
       Unarmed           |     6 |       |       ||     6
       Tentacles         |     5 |    10 |     7 ||    22
       Mace              |    10 |    92 |    42 ||   144
Throw: Stone             |     1 |       |       ||     1
 Cast: Sandblast         |    52 |    12 |    19 ||    83
 Stab: Distracted        |     1 |     1 |       ||     2
       Sleeping          |       |    11 |     1 ||    12
Armor: Skin              |     5 |    52 |    12 ||    69
Dodge: Dodged            |    31 |   100 |    34 ||   165

Table legend: (Time is in decaauts)
 A = Elapsed time spent in this place.
 B = Non-inter-level travel time spent in this place.
 C = Inter-level travel time spent in this place.
 D = Time resting spent in this place.
 E = Time spent auto-exploring this place.
 F = Levels seen in this place.
 G = Mean time per level.
                   A        B        C        D        E       F      G
               +--------+--------+--------+--------+--------+-----+--------+
         Total |   3994 |   3917 |     77 |     48 |   2917 |   3 | 1331.3 |
       Dungeon |   3994 |   3917 |     77 |     48 |   2917 |   3 | 1331.3 |
               +--------+--------+--------+--------+--------+-----+--------+

Top non-repeatable levels by time:
     D:3: 1742 daAuts
     D:1: 1261 daAuts
     D:2: 991 daAuts
